 Dungeon Crawl Stone Soup version 0.21.1-1-g345015fe64 (webtiles) character file.

64 Oravi the Cutter (level 4, -5/30 HPs)
             Began as a Halfling Fighter on Apr 11, 2018.
             Killed by nerve-wracking pain
             ... invoked by an orc priest
              (6 damage)
             ... on level 3 of the Dungeon.
             The game lasted 00:07:05 (1426 turns).

Oravi the Cutter (Halfling Fighter)                 Turns: 1426, Time: 00:07:06

Health: -5/30      AC:  6    Str: 17    XL:     4   Next: 32%
Magic:  4/4        EV: 13    Int:  6    God:
Gold:   148        SH: 11    Dex: 19    Spells: 3/3 levels left

rFire    . . .     SeeInvis .   a - +1 rapier
rCold    . . .     Gourm    .   c - +1 shield
rNeg     . . .     Faith    .   s - +0 scale mail
rPois    .         Spirit   .   (no helmet)
rElec    .         Reflect  .   (no cloak)
rCorr    .         Harm     .   (no gloves)
MR       .....                  (no boots)
Stlth    +.........             (no amulet)
HPRegen  0.10/turn              (no ring)
MPRegen  0.09/turn              (no ring)

@: agile, invisible
A: small, mutation resistance 1
a: no special abilities


You were on level 3 of the Dungeon.
You were not hungry.

You visited 1 branch of the dungeon, and saw 3 of its levels.

You collected 148 gold pieces.

Inventory:

Hand Weapons
 a - a +1 rapier (weapon)
 b - a +0 hunting sling
 q - a +0 dagger of protection
Missiles
 k - 82 stones (quivered)
 n - 30 sling bullets
Armour
 c - a +1 shield (worn)
 s - a +0 scale mail (worn)
Scrolls
 h - 4 scrolls of identify
 p - a scroll of immolation {unknown}
 t - a scroll of teleportation
Potions
 d - a potion of might
 e - a potion of brilliance
 i - a potion of cancellation {unknown}
 j - a potion of flight {unknown}
 m - a potion of magic {unknown}
 o - 2 potions of haste {unknown}
Comestibles
 f - 4 rations
 l - 2 chunks of flesh


   Skills:
 - Level 2.6 Fighting
 + Level 5.2 Short Blades
 - Level 3.2 Armour
 - Level 3.2 Shields


You had 3 spell levels left.
You didn't know any spells.

Dungeon Overview and Level Annotations

Branches:
Dungeon (3/15)

Altars:
Elyvilon
Nemelex Xobeh
Yredelemnul

Annotations:
D:3 framaz's ghost, amateur GrEE


Innate Abilities, Weirdness & Mutations

You are small and have problems with some larger weapons.
You are somewhat resistant to further mutation.


Message History

Ouch! That really hurt!
The leopard gecko bites you.
You closely miss the orc wizard.
The orc wizard begins to cast a cantrip, but forgets the words!
The leopard gecko barely misses you.
The orc priest calls down the wrath of Beogh upon you.
Beogh smites you!
* * * LOW HITPOINT WARNING * * *
Okay, then.
You feel agile all of a sudden. You block the leopard gecko's attack.
The orc wizard hits you but does no damage.
The orc priest hits you but does no damage.
The leopard gecko closely misses you.
It was a potion of invisibility.
You fade into invisibility!
You block the orc wizard's attack.
The orc priest invokes the aid of Beogh against you.
Pain shoots through your body!
You die...

#.. ..#≈..♣..≈##
#.# ####≈≈...≈
####.# ..#.#
#.#.#
###.#.#######.#
#..÷..>........
###...#o#######
#.♣.♣@♣.♣.♣.♣
#..♣..o♣l..♣..
#.♣.♣.♣.♣.♣.♣.♣
#....♣...♣...♣
#.♣.♣.♣.♣.♣.♣.♣
#..♣...♣...♣..
#.♣.♣.♣.♣.♣.♣.♣
#....♣o..♣[..♣..
#.♣.♣.♣ ♣
♣.♣.♣.♣


You could see an orc priest, an orc wizard and a leopard gecko.

Vanquished Creatures
  2 adders (D:2)
  A worm (D:3)
  7 orcs (D:3)
  3 giant cockroaches
  3 goblins
  4 hobgoblins (D:1)
  7 bats
  3 frilled lizards
  4 kobolds
  6 rats
40 creatures vanquished.

Vanquished Creatures (others)
  A quokka (D:3)
1 creature vanquished.

Grand Total: 41 creatures vanquished

Notes
Turn   | Place    | Note
-------+----------+-------------------------------------------
     0 | D:1      | Oravi the Halfling Fighter began the quest for the Orb.
     0 | D:1      | Reached XP level 1. HP: 15/15 MP: 1/1
    60 | D:1      | Reached skill level 3 in Short Blades
    86 | D:1      | Reached XP level 2. HP: 20/20 MP: 2/2
   421 | D:1      | Found a sparkling altar of Nemelex Xobeh.
   556 | D:2      | Found a basalt altar of Yredelemnul.
   575 | D:2      | Reached skill level 4 in Short Blades
   575 | D:2      | Reached XP level 3. HP: 21/25 MP: 3/3
  1115 | D:3      | Reached XP level 4. HP: 25/30 MP: 4/4
  1189 | D:3      | Reached skill level 5 in Short Blades
  1300 | D:3      | Noticed framaz's ghost (amateur GrEE)
  1301 | D:3      | Found a white marble altar of Elyvilon.
  1424 | D:3      | HP: 1/30 [orc priest/divine providence (11)]
  1426 | D:3      | Killed from afar by an orc priest

Skill      XL: |  1  2  3  4 |
---------------+-------------+-----
Short Blades   | 3 4 5 |  5.2
Fighting       | |  2.6
Armour         | |  3.2
Shields        | |  3.2

Action                   |  1- 3 |  4- 6 || total
-------------------------+-------+-------++-------
Melee: Rapier            |    94 |    36 ||   130
  Use: Scroll            |     7 |     1 ||     8
       Potion            |       |     2 ||     2
  Eat: Chunk             |       |     2 ||     2
Armor: Scale mail        |    39 |    13 ||    52
Dodge: Dodged            |    27 |    10 ||    37
Block: Shield            |    58 |    24 ||    82
